 Dungeon Crawl Stone Soup version 0.29.1-2-gbd0b4ee654 (webtiles) character file.

Game seed: 16308578517374119832

3360 GorkyZ the Fighter (level 10, 0/93 HPs)
             Began as a Hill Orc Monk on Nov 19, 2022.
             Was an Initiate of Gozag.
             Slain by a gnoll
             ... wielding a +0 halberd
              (11 damage)
             ... on level 7 of the Dungeon.
             The game lasted 00:23:15 (7230 turns).

GorkyZ the Fighter (Hill Orc Monk)                  Turns: 7230, Time: 00:23:15

Health: 0/93       AC: 16    Str: 19    XL:     10   Next: 3%
Magic:  10/10      EV:  6    Int: 10    God:    Gozag
Gold:   356        SH:  0    Dex: 13    Spells: 9/9 levels left

rFire   . . .      SeeInvis .   e - +4 quarterstaff (chaos)
rCold   . . .      Faith    .   (shield currently unavailable)
rNeg    + + .      Spirit   .   c - +0 plate armour
rPois   +          Reflect  .   x - +0 helmet of Untruth {rN+}
rElec   .          Harm     .   j - +0 cloak
rCorr   .          Rampage  .   (no gloves)
Will    .....                   r - +0 pair of boots
Stlth   ..........              (no amulet)
HPRegen 0.25/turn               k - ring of wizardry
MPRegen 0.12/turn               i - ring of positive energy

@: no status effects
A: poison resistance
a: Renounce Religion, Potion Petition, Call Merchant, Bribe Branch


You were on level 7 of the Dungeon.
You worshipped Gozag.
Gozag was aware of your devotion.
You visited 1 branch of the dungeon, and saw 7 of its levels.

You collected 356 gold pieces.

Inventory:

Hand Weapons
 a - a +0 spear
 e - a +4 quarterstaff of chaos (weapon)
 s - a +1 hand axe of electrocution
Missiles
 n - 19 poisoned darts (quivered)
 u - 6 atropa-tipped darts
 v - a throwing net
 B - 6 curare-tipped darts
Armour
 b - a +0 robe
 c - a +0 plate armour (worn)
 g - a +0 chain mail
 j - a +0 cloak (worn)
 r - a +0 pair of boots (worn)
 x - the +0 helmet of Untruth (worn) {rN+}
   (You found it on level 5 of the Dungeon)

   rN:        It protects you from negative energy.
 z - +0 steam dragon scales
Jewellery
 i - a ring of positive energy (right hand)
 k - a ring of wizardry (left hand)
Wands
 d - a wand of roots (10)
Scrolls
 f - 2 scrolls of poison
 h - 4 scrolls of teleportation
 l - 3 scrolls of identify
 w - a scroll of brand weapon
 y - a scroll of fear
 A - a scroll of magic mapping {unknown}
Potions
 m - a potion of magic
 o - 2 potions of curing
 p - 2 potions of degeneration
 q - 2 potions of heal wounds
 t - 3 potions of might


   Skills:
 * Level 9.9 Fighting
 - Level 4.3 Polearms
 + Level 5.0 Throwing
 + Level 5.9 Armour
 - Level 2.4 Dodging
 - Level 1.5 Stealth
 + Level 6.0 Shields
 + Level 5.4 Evocations


You had 9 spell levels left.
You didn't know any spells.
Your spell library contained the following spells:

 Spells                   Type           Power      Damage    Failure   Level
 Sting                    Tmut/Pois      0%         1d3       98%         1
 Ensorcelled Hibernation  Hex/Ice        0%         N/A       99%         2
 Passwall                 Tmut/Erth      0%         N/A       99%         2
 Poisonous Vapours        Pois/Air       0%         N/A       99%         2
 Gell's Gravitas          Tloc           0%         N/A       100%        3
 Lesser Beckoning         Tloc           0%         N/A       100%        3
 Swiftness                Air            0%         N/A       100%        3
 Teleport Other           Tloc           0%         N/A       100%        3
 Fulminant Prism          Conj/Hex       0%         3d6       100%        4
 Olgreb's Toxic Radiance  Pois           0%         N/A       100%        4
 Iron Shot                Conj/Erth      0%         9d1       100%        6
 Lehudib's Crystal Spear  Conj/Erth      0%         10d2      100%        8


Dungeon Overview and Level Annotations

Branches:
Dungeon (7/15)
 Temple: D:4-7

Altars:
Elyvilon
Gozag
Makhleb
Trog


Innate Abilities, Weirdness & Mutations

Your system is resistant to poisons. (rPois)


Message History

You kill the iguana!
You have reached level 10!
You feel stronger.
You hit the ogre. Lightning courses through the ogre!!
The ogre is severely wounded.
The ogre barely misses you. The gnoll hits you but does no damage.
You hit the ogre.
The ogre is poisoned.
The ogre is severely wounded.
The gnoll barely misses you. The ogre hits you with a +0 giant club!
The gnoll barely misses you.
You sock the ogre!
You kill the ogre!
The gnoll hits you from afar with a +0 halberd.
Your Throwing skill increases to level 5!
You sock the gnoll! Lightning courses through the gnoll!
You kill the gnoll!
The killer bee is distracted by your dazzling golden aura.
The gnoll hits you from afar with a +0 halberd!
The gnoll hits you with a +0 halberd.
You hit the gnoll but do no damage.
The gnoll goes berserk!
The killer bee is no longer distracted by gold.
The gnoll hits you with a +0 halberd!
* * * LOW HITPOINT WARNING * * *
The gnoll barely misses you.
The gnoll is distracted by your dazzling golden aura.
The gnoll shouts!
You hit the gnoll. You burn the gnoll.
The gnoll is no longer distracted by gold.
The gnoll is moderately wounded.
The gnoll barely misses you. The gnoll hits you with a +0 halberd.
* * * LOW HITPOINT WARNING * * *
You hit the gnoll.
The gnoll flickers and vanishes!
Deactivating autopickup; reactivate with Ctrl-A.
Something hits you but does no damage. The gnoll hits you but does no damage.
Something hits you.
* * * LOW HITPOINT WARNING * * *
You hit something. You burn something. Something hits you but does no damage.
The gnoll hits you but does no damage. Something hits you!
You die...
Your body crumbles into a pile of gold.

..## ..). ..... .... #... $
#!.y### #.y.gy# #{# #@# ##.#
#..###### #####
##.......######...#
#..#####.....##...#
.#######################......#
..............................#
..........##..........#####...#
.#####....<.....#.....# #...#


You could see 2 killer bees and a gnoll.

Vanquished Creatures
  The ghost of Syrassil the Poker, a novice HuWn of Okawaru (D:6)
  A cane toad (shapeshifter) (D:7)
  Grinder (D:5)
  A yak (D:6)
  A steam dragon (D:7)
  Menkaure (D:6)
  3 water moccasins
  An ice beast (D:7)
  2 black bears
  4 ogres
  A kobold brigand (D:7)
  2 phantoms (D:6)
  2 bullfrogs
  A necrophage (D:5)
  A scorpion (D:6)
  A howler monkey (D:5)
  5 hounds
  A jelly (D:4)
  An orc priest (D:7)
  Crazy Yiuf (D:2)
  5 iguanas
  3 orc wizards
  2 gnolls (D:7)
  6 adders
  A shadow imp (D:5)
  A worm (D:2)
  A dart slug (D:1)
  15 orcs
  6 bats
  8 endoplasms
  3 giant cockroaches
  5 hobgoblins
  4 jackals
  13 kobolds
  6 quokkas
  7 ball pythons
  A frilled lizard (D:2)
  3 goblins
  6 rats
  A spectral hobgoblin (D:2)
129 creatures vanquished.

Vanquished Creatures (others)
  An orc (D:7)
  A kobold (D:7)
  7 fungi (D:4)
9 creatures vanquished.

Grand Total: 138 creatures vanquished

Notes
Turn   | Place    | Note
-------+----------+-------------------------------------------
     0 | D:1      | GorkyZ the Hill Orc Monk began the quest for the Orb.
     0 | D:1      | Reached XP level 1. HP: 19/19 MP: 1/1
   359 | D:1      | Reached XP level 2. HP: 22/27 MP: 2/2
   853 | D:1      | Reached skill level 1 in Armour
   853 | D:1      | Reached skill level 1 in Shields
   853 | D:1      | Reached XP level 3. HP: 32/33 MP: 3/3
  1451 | D:2      | Reached skill level 4 in Fighting
  1716 | D:2      | Found a faded altar of an unknown god.
  1917 | D:2      | Found a runed translucent door.
  1918 | D:2      | Noticed Crazy Yiuf
  1959 | D:2      | Gained mutation: You are partially covered in iridescent
                  | scales. (AC +2) [potion of mutation]
  1965 | D:2      | Killed Crazy Yiuf
  1966 | D:2      | Reached skill level 1 in Throwing
  1966 | D:2      | Reached skill level 1 in Evocations
  1966 | D:2      | Reached XP level 4. HP: 20/40 MP: 4/4
  2194 | D:2      | Got Sif Muna's Dissertation on Charms and the Mountains
  2615 | D:3      | Reached XP level 5. HP: 16/47 MP: 5/5
  3811 | D:4      | Noticed an ogre
  3826 | D:4      | Killed an ogre
  3827 | D:4      | Reached XP level 6. HP: 40/53 MP: 6/6
  4443 | D:5      | Entered Level 5 of the Dungeon
  4452 | D:5      | Reached skill level 5 in Fighting
  4574 | D:5      | Reached XP level 7. HP: 32/61 MP: 7/7
  4856 | D:5      | Noticed Grinder
  4870 | D:5      | Paralysed by Grinder for 3 turns
  4880 | D:5      | Killed Grinder
  4881 | D:5      | Reached skill level 6 in Fighting
  5063 | D:5      | Reached XP level 8. HP: 60/71 MP: 8/8
  5407 | D:5      | Identified the +0 helmet of Untruth {rN+}
  5782 | D:6      | Reached skill level 7 in Fighting
  6039 | D:6      | Noticed Menkaure
  6061 | D:6      | Killed Menkaure
  6094 | D:6      | Lost mutation: You are partially covered in iridescent
                  | scales. (AC +2) [potion of mutation]
  6094 | D:6      | Gained mutation: Your system is resistant to poisons.
                  | (rPois) [potion of mutation]
  6193 | D:6      | Noticed a yak
  6195 | D:6      | Noticed Syrassil's ghost (novice HuWn)
  6197 | D:6      | Found a runed translucent gate.
  6197 | D:6      | Found a runed translucent gate.
  6199 | D:6      | Found a runed translucent gate.
  6292 | D:6      | Killed Syrassil's ghost
  6293 | D:6      | Reached skill level 8 in Fighting
  6293 | D:6      | Reached skill level 5 in Armour
  6293 | D:6      | Reached skill level 5 in Shields
  6293 | D:6      | Reached XP level 9. HP: 55/82 MP: 9/9
  6740 | D:7      | Reached skill level 9 in Fighting
  7049 | D:7      | Found an opulent altar of Gozag.
  7049 | D:7      | Found a bloodstained altar of Trog.
  7049 | D:7      | Found a white marble altar of Elyvilon.
  7057 | D:7      | Noticed a cane toad
  7057 | D:7      | a shapeshifter changed into a cane toad
  7062 | D:7      | Killed a cane toad
  7063 | D:7      | Reached skill level 5 in Evocations
  7067 | D:7      | Became a worshipper of Gozag Ym Sagoz the Greedy
  7166 | D:7      | Found a burning altar of Makhleb.
  7216 | D:7      | Noticed a gargoyle
  7221 | D:7      | Reached XP level 10. HP: 57/93 MP: 10/10
  7224 | D:7      | Reached skill level 5 in Throwing
  7230 | D:7      | Slain by a gnoll

Illustrated notes

Levels and vault maps discovered:
D:1:      lemuel_arrival_muddy, layout_loops_cross, minmay_misc_feat_alley,
          st_stairs_10, minmay_pentomino_z2
D:2:      layout_loops_corners, dreamdust_ecumenical_altar_drowned_temple,
          uniq_crazy_yiuf_cottage
D:3:      layout_basic
D:4:      layout_basic, serial_aquarium, aquarium_bridge_straight
          [aquarium_subvault_bridge, aquarium_subvault_window,
          aquarium_subvault_bridge, aquarium_subvault_wall],
          aquarium_bridge_square [aquarium_subvault_bridge,
          aquarium_subvault_wall, aquarium_subvault_window,
          aquarium_subvault_bridge], aquarium_window_corridor_2,
          aquarium_window_fake, aquarium_window_2, aquarium_view_2e,
          aquarium_balcony_1b, aquarium_pool_2, skrybe_limestone_x
D:5:      layout_rooms, uniq_grinder
D:6:      layout_rooms, gammafunk_ghost_split, uniq_menkaure
D:7:      layout_rooms, gammafunk_temple_overflow_claw,
          makhleb_heckhound_becter, temple_hall, grunt_potential

Skill      XL: |  1  2  3  4  5  6  7  8  9 10 |
---------------+-------------------------------+-----
Armour         | 1 2 3 5 |  5.9
Shields        | 1 2 3 5 6 |  6.0
Fighting       | 4 5 6 8 9 |  9.9
Throwing       | 1 2 4 5 |  5.0
Evocations     | 1 2 3 4 5 |  5.4
Polearms       | 4 |  4.3
Dodging        | |  2.4
Stealth        | |  1.5

Action                   |  1- 3 |  4- 6 |  7- 9 | 10-12 || total
-------------------------+-------+-------+-------+-------++-------
Melee: Spear             |   142 |    29 |       |       ||   171
       Punch             |     2 |       |       |       ||     2
       Quarterstaff      |       |    86 |   177 |     8 ||   271
Throw: Dart              |       |    15 |    21 |       ||    36
  Use: Scroll            |    12 |       |     4 |       ||    16
       Potion            |     2 |       |     5 |       ||     7
 Stab: Sleeping          |     1 |       |       |       ||     1
Armor: Robe              |     8 |       |       |       ||     8
       Chain mail        |    34 |    89 |    79 |       ||   202
       Plate armour      |       |       |    35 |     5 ||    40
Dodge: Dodged            |    55 |    37 |    68 |     5 ||   165
